 Dungeon Crawl Stone Soup version 0.18.1-2-ga659475 (webtiles) character file.

31311 lightmor the Unseen (level 13, -4/67 HPs)
             Began as a Spriggan Enchanter on May 8, 2016.
             Was an Initiate of Gozag.
             Killed from afar by an orc sorcerer (32 damage)
             ... with a bolt of fire
             ... on level 1 of the Orcish Mines.
             The game lasted 01:10:21 (14229 turns).

lightmor the Unseen (Spriggan Enchanter)           Turns: 14229, Time: 01:10:22

Health: -4/67      AC:  2    Str:  8    XL:     13   Next: 25%
Magic:  32/34      EV: 28    Int: 21    God:    Gozag
Gold:   3151       SH:  0    Dex: 21    Spells: 8 memorised, 9 levels left

rFire  . . .     SeeInvis +     e - +2 short sword (venom)
rCold  + . .     Gourm    .     k - +0 robe of the Evening {rElec rF- rC+ MR++} (curse)
rNeg   . . .     Faith    .     (shield restricted)
rPois  +         Spirit   .     L - +2 hat
rElec  +         Dismiss  .     f - -3 cloak of Gluttony {rElec rF+ MP+9 Str+4 Dex+4} (curse)
rCorr  .         Reflect  .     (gloves unavailable)
SustAt .         Harm     .     (boots unavailable)
MR     ++++.                    r - amulet of regeneration
Stlth  ++++++++..               F - ring of stealth
                                q - ring of poison resistance

@: drained, very quick, incredibly resistant to hostile enchantments,
extraordinarily stealthy
A: unfitting armour, see invisible, herbivore 3, speed 3, slow metabolism 2
a: Potion Petition, Call Merchant, Bribe Branch, Renounce Religion


You were on level 1 of the Orcish Mines.
You worshipped Gozag.
Gozag was noncommittal.
You were not hungry.

You visited 3 branches of the dungeon, and saw 15 of its levels.
You also visited: Sewer, Bailey and Ice Cave.

You collected 3815 gold pieces.
You spent 637 gold pieces at shops.
You paid 27 gold pieces to Gozag.

Inventory:

Hand Weapons
 a - a +1 dagger
 e - a +2 short sword of venom (weapon)
 m - a +0 blowgun
Missiles
 n - 45 poisoned needles
Armour
 f - the cursed -3 cloak of Gluttony (worn) {rElec rF+ MP+9 Str+4 Dex+4}
   (You found it on level 8 of the Dungeon)

   It affects your strength (+4).
   It affects your dexterity (+4).
   It protects you from fire.
   It insulates you from electricity.
   It affects your magic capacity (+9).
   It has a curse placed upon it.
 k - the cursed +0 robe of the Evening (worn) {rElec rF- rC+ MR++}
   (You bought it in a shop on level 2 of the Orcish Mines)

   It makes you vulnerable to fire.
   It protects you from cold.
   It insulates you from electricity.
   It affects your resistance to hostile enchantments.
   It has a curse placed upon it.
 L - a +2 hat (worn)
 N - a +0 buckler
Jewellery
 q - a ring of poison resistance (left hand)
 r - an amulet of regeneration (around neck)
 E - an uncursed ring of resist corrosion
 F - a ring of stealth (right hand)
Wands
 t - a wand of teleportation (0/9)
 C - a wand of teleportation (4/9)
 G - a wand of iceblast (9/15)
 H - a wand of heal wounds (5/9)
 I - a wand of slowing (32/48)
 J - a wand of flame (22/48)
 K - a wand of flame (21/48)
 O - a wand of iceblast (6/15)
Scrolls
 h - 2 scrolls of enchant armour
 i - 3 scrolls of teleportation
 l - 2 scrolls of fog
 p - 4 scrolls of remove curse
 y - a scroll of silence
 A - a scroll of magic mapping
 R - a scroll of enchant weapon
Potions
 g - 10 potions of curing
 j - 2 potions of flight
 o - 2 potions of haste
 v - a potion of brilliance
 w - a potion of mutation
 z - a potion of might
 D - a potion of invisibility
Books
 c - a book of Maledictions

   Spells                             Type                      Level
   a - Corona                         Hexes                        1
   b - Ensorcelled Hibernation        Hexes/Ice                    2
   c - Confuse                        Hexes                        3
   d - Tukima's Dance                 Hexes                        3
   e - Dazzling Spray                 Conjuration/Hexes            3
 B - a Young Poisoner's Handbook

   Spells                             Type                      Level
   a - Sting                          Conjuration/Poison           1
   b - Cure Poison                    Poison                       2
   c - Mephitic Cloud                 Conjuration/Poison/Air       3
   d - Olgreb's Toxic Radiance        Poison                       4
   e - Venom Bolt                     Conjuration/Poison           5
 M - a book of Minor Magic

   Spells                             Type                      Level
   a - Magic Dart                     Conjuration                  1
   b - Blink                          Translocation                2
   c - Call Imp                       Summoning                    2
   d - Repel Missiles                 Charms/Air                   2
   e - Slow                           Hexes                        2
   f - Conjure Flame                  Conjuration/Fire             3
   g - Mephitic Cloud                 Conjuration/Poison/Air       3
Comestibles
 d - 10 bread rations
 x - 16 fruits
 P - 4 slices of pizza


   Skills:
 * Level 7.3(6.6) Fighting
 - Level 8.0(7.2) Short Blades
 + Level 11.1(10.3) Dodging
 * Level 16.4(15.4) Stealth
 - Level 7.9(7.2) Spellcasting
 + Level 12.0(11.1) Hexes
 - Level 5.1(4.4) Charms
 - Level 5.5(4.8) Translocations
 - Level 6.3(5.5) Ice Magic


You had 9 spell levels left.
You knew the following spells:

 Your Spells              Type           Power        Failure   Level  Hunger
a - Corona                Hex            ######.      1%          1    None
b - Ensorcelled Hibernat  Hex/Ice        #####.       1%          2    None
c - Confuse               Hex            ######..     1%          3    None
d - Tukima's Dance        Hex            ######..     1%          3    None
e - Dazzling Spray        Conj/Hex       ####....     2%          3    None
f - Cure Poison           Pois           #.........   14%         2    None
g - Repel Missiles        Chrm/Air       ###...       6%          2    None
h - Blink                 Tloc           N/A          1%          2    None


Dungeon Overview and Level Annotations

Branches:
Dungeon (12/15)            Temple (1/1) D:4            Lair (0/8) D:10
    Orc (2/2) D:12            Elf (0/3) Orc:2

Altars:
Ashenzari
Cheibriados
Dithmenos
Elyvilon
Fedhas
Gozag
Kikubaaqudgha
Makhleb
Nemelex Xobeh
Okawaru
Pakellas
Qazlal
Ru
Sif Muna
Trog
Vehumet
Xom
Yredelemnul
Zin
The Shining One
Beogh

Shops:
D:4 (   D:5 %!?([   D:10 *   D:11 }   Orc:2 ([*=[

Annotations:
D:4 Scarto's ghost, amateur GrFi
D:10 Rekenzichi's ghost, novice DrGl
Orc:2 XVar's ghost, journeyman MiBe


Innate Abilities, Weirdness & Mutations

You are tiny and cannot use many weapons and most armour.
You have supernaturally acute eyesight.
You are a herbivore.
You cover ground extremely quickly.
You need consume almost no food.


Message History

Confirm with . or Enter, or press ? or * to list all spells.
Aiming: Ensorcelled Hibernation
Press: ? - help, Shift-Dir - straight line, f - orc sorcerer
Aim: an orc sorcerer, wielding a dagger and wearing a robe (chance to defeat MR: 53%)
The orc sorcerer resists with some effort.
The orc sorcerer gestures at you while chanting.
The bolt of negative energy hits you!
You feel drained.
Ouch! That really hurt!
Casting: Ensorcelled Hibernation
Confirm with . or Enter, or press ? or * to list all spells.
Aiming: Ensorcelled Hibernation
Press: ? - help, Shift-Dir - straight line, f/p - orc sorcerer
Aim: an orc sorcerer, wielding a dagger and wearing a robe (chance to defeat MR: 50%)
Okay, then.
Read which item? (? for menu, Esc to quit)
Okay, then.
The orc sorcerer casts a spell at you. The bolt of fire hits you!
You die...
Your body crumbles into a pile of gold.

#..#.###
#.##............#.......
######
##.......................
##........................
#.........................
##........ #..............
.......o^###....).).......
......oo.o#.............#.
......oooo#...............
.#.......@................
####............#........
#.............###......
##...........## ##.....
##.........## #.....
##....#..## #.....
###..#### ##.#.. #..#
##... .#


You could see an orc sorcerer, 2 orc warriors, 2 orc wizards and 3 orcs.

Vanquished Creatures
  Rupert (Orc:2)
  Frances (D:12)
  An orc warlord (Orc:2)
  Nessos (Orc:2)
  Snorg (Orc:2)
  An ice dragon (Orc:2)
  A hydra (D:11)
  Urug (D:10)
  Sonja (D:10)
  3 orc high priests (Orc:2)
  4 hill giants
  5 orc knights
  4 orc sorcerers
  2 deep elf magi (D:11)
  Maurice (D:10)
  3 trolls
  2 polar bears (Orc:2)
  Grinder (D:4)
  2 two-headed ogres (D:10)
  Prince Ribbit (D:7)
  2 wyverns
  13 yaks
  3 hippogriffs
  Menkaure (D:7)
  4 wargs (Orc:2)
  A swamp drake (D:11)
  A wasp (D:12)
  2 black bears
  38 orc warriors
  An eye of draining (D:5)
  2 sky beasts (D:11)
  2 necrophages
  3 phantoms
  8 ogres
  A wolf (Orc:2)
  7 centaurs
  6 big kobolds
  5 giant frogs
  A water moccasin zombie (D:5)
  2 scorpions
  7 wights
  9 killer bees
  2 howler monkeys
  6 crimson imps
  A quasit (D:7)
  A centaur zombie (D:5)
  A giant frog zombie (D:10)
  3 jellies
  2 centaur skeletons
  A gnoll shaman (D:7)
  7 hounds
  19 orc wizards
  6 orc priests
  A giant frog skeleton (D:7)
  An iron imp (D:11)
  Jessica (D:2)
  An iguana (D:11)
  2 worker ants
  A killer bee zombie (D:5)
  2 sheep (D:11)
  3 hound zombies
  3 hound skeletons
  A worker ant zombie (D:5)
  Robin (D:4)
  6 gnolls
  10 adders
  A river rat (Sewer)
  A shadow imp (D:11)
  A white imp (D:11)
  4 oozes
  An adder zombie (D:6)
  4 worms
  A dart slug (D:3)
  7 giant geckos
  66 orcs
  A ball python (D:2)
  8 bats
  9 giant cockroaches
  20 goblins
  12 hobgoblins
  9 jackals
  7 quokkas
  A giant cockroach zombie (D:5)
  A giant gecko skeleton (D:5)
  3 giant newts
  A jackal zombie (D:6)
  26 kobolds
  13 rats
  A fungus (Orc:2)
436 creatures vanquished.

Vanquished Creatures (collateral kills)
  A warg (Orc:2)
  3 orc warriors
  An orc wizard (Orc:2)
  A gnoll (Orc:2)
  7 orcs
13 creatures vanquished.

Vanquished Creatures (others)
  7 dancing weapons
  2 hobgoblins (D:4)
  12 fungi (Orc:2)
  A plant (D:11)
22 creatures vanquished.

Grand Total: 471 creatures vanquished

Notes
Turn   | Place    | Note
--------------------------------------------------------------
     0 | D:1      | lightmor the Spriggan Enchanter began the quest for the Orb.
     0 | D:1      | Reached XP level 1. HP: 9/9 MP: 5/5
   171 | D:1      | Reached XP level 2. HP: 13/13 MP: 7/7
   175 | D:1      | Learned a level 2 spell: Ensorcelled Hibernation
   299 | D:1      | Reached skill level 5 in Stealth
   401 | D:1      | Reached XP level 3. HP: 16/16 MP: 7/9
   601 | D:1      | Found a sparkling altar of Nemelex Xobeh.
   997 | D:2      | You fall through a shaft!
  1259 | D:3      | Reached XP level 4. HP: 16/21 MP: 6/11
  1275 | D:3      | Reached skill level 6 in Stealth
  1355 | D:2      | Found a white marble altar of Elyvilon.
  1417 | D:2      | Found a basalt altar of Yredelemnul.
  1562 | D:2      | Noticed Jessica
  1574 | D:2      | Killed Jessica
  1574 | D:2      | Reached skill level 5 in Spellcasting
  1626 | D:2      | Reached XP level 5. HP: 20/24 MP: 13/13
  1890 | D:3      | Found a glowing drain.
  1895 | Sewer    | Entered a sewer
  1986 | Sewer    | Reached skill level 7 in Stealth
  2030 | Sewer    | Found a white marble altar of Elyvilon.
  2390 | D:4      | Noticed Scarto's ghost (amateur GrFi)
  2459 | D:4      | Found a staircase to the Ecumenical Temple.
  2459 | D:4      | Found Paeqacha's Antique Weapon Shop.
  2459 | D:4      | Noticed Robin
  2536 | D:4      | Reached XP level 6. HP: 28/28 MP: 16/16
  2561 | D:4      | Killed Robin
  2786 | D:2      | Learned a level 3 spell: Confuse
  2790 | D:2      | Learned a level 3 spell: Tukima's Dance
  2794 | D:2      | Learned a level 3 spell: Dazzling Spray
  2839 | D:3      | Reached skill level 1 in Ice Magic
  2883 | Temple   | Entered the Ecumenical Temple
  3005 | Temple   | Became a worshipper of Gozag Ym Sagoz the Greedy
  3353 | D:4      | Noticed Grinder
  3369 | D:4      | Killed Grinder
  3369 | D:4      | Reached skill level 8 in Stealth
  3369 | D:4      | Reached skill level 5 in Hexes
  3369 | D:4      | Reached XP level 7. HP: 32/32 MP: 14/17
  3634 | D:5      | Entered Level 5 of the Dungeon
  3680 | D:5      | Reached skill level 1 in Fighting
  3764 | D:5      | Found a blossoming altar of Fedhas.
  3811 | D:5      | Reached skill level 9 in Stealth
  3866 | D:5      | Reached XP level 8. HP: 37/37 MP: 3/18
  3995 | D:5      | Found Bigrua Ugue's Magic Scroll Boutique.
  4031 | D:5      | Bought a scroll of teleportation for 36 gold pieces
  4031 | D:5      | Bought a scroll of blinking for 90 gold pieces
  4079 | D:5      | Found Yrhif's Antique Weapon Shoppe.
  4148 | D:5      | Found Wouges's Distillery.
  4156 | D:5      | Bought a potion of curing for 45 gold pieces
  4156 | D:5      | Bought a potion of curing for 45 gold pieces
  4156 | D:5      | Bought a potion of curing for 45 gold pieces
  4168 | D:5      | Found Dapt's Food Shop.
  4195 | D:5      | Found Suoror's Armour Emporium.
  4348 | D:5      | Noticed a troll
  4366 | D:5      | Killed a troll
  4543 | D:5      | Reached skill level 10 in Stealth
  5075 | D:6      | Reached XP level 9. HP: 42/42 MP: 20/20
  5372 | D:6      | Reached skill level 5 in Dodging
  5836 | D:6      | Found a radiant altar of Vehumet.
  6131 | D:7      | Noticed Menkaure
  6138 | D:7      | Found a burning altar of Makhleb.
  6139 | D:7      | Killed Menkaure
  6204 | D:7      | Noticed Prince Ribbit
  6227 | D:7      | Killed Prince Ribbit
  6678 | D:8      | Got a fine cloak
  6692 | D:8      | Identified the cursed -3 cloak of Gluttony {rElec rF+ MP+9 Str+4 Dex+4} (You found it on level 8 of the Dungeon)
  6701 | D:8      | You fall through a shaft for 3 floors!
  6725 | D:10     | Entered Level 10 of the Dungeon
  6730 | D:10     | Noticed Sonja
  6776 | D:9      | Reached skill level 11 in Stealth
  6884 | D:8      | Found an iron altar of Okawaru.
  6899 | D:8      | You fall through a shaft for 3 floors!
  6932 | D:10     | Noticed Rekenzichi's ghost (novice DrGl)
  6949 | D:8      | Learned a level 2 spell: Cure Poison
  7201 | D:8      | Found a flagged portal.
  7209 | Bailey   | Entered a bailey
  7434 | Bailey   | Noticed an orc knight
  7445 | Bailey   | Reached XP level 10. HP: 49/49 MP: 2/22
  7797 | Bailey   | Killed an orc knight
  7913 | Bailey   | Reached skill level 5 in Short Blades
  8464 | D:8      | Found a deep blue altar of Sif Muna.
  9047 | D:10     | Reached skill level 5 in Ice Magic
  9104 | D:10     | Found a staircase to the Lair.
  9241 | D:10     | Noticed Maurice
  9247 | D:10     | Killed Maurice
  9247 | D:10     | Reached skill level 12 in Stealth
  9319 | D:10     | Noticed a hill giant
  9321 | D:10     | Killed Sonja
  9324 | D:10     | Killed a hill giant
  9324 | D:10     | Reached skill level 10 in Hexes
  9330 | D:10     | Reached XP level 11. HP: 53/53 MP: 22/23
  9333 | D:10     | Noticed Urug
  9358 | D:10     | Killed Urug
  9816 | D:10     | Found an ancient bone altar of Kikubaaqudgha.
  9816 | D:10     | Found Lytz's Evil Emporium.
  9986 | D:11     | Noticed a hill giant
 10159 | D:11     | Killed a hill giant
 10307 | D:11     | Noticed a hill giant
 10313 | D:11     | Killed a hill giant
 10313 | D:11     | Reached skill level 13 in Stealth
 10451 | D:11     | Noticed a deep elf mage
 10457 | D:11     | Killed a deep elf mage
 10458 | D:11     | Noticed a deep elf mage
 10461 | D:11     | Killed a deep elf mage
 10555 | D:11     | Learned a level 2 spell: Repel Missiles
 10558 | D:11     | Learned a level 2 spell: Blink
 10614 | D:11     | Found Fontyuh's Gadget Emporium.
 10770 | D:11     | Noticed a three-headed hydra
 10899 | D:11     | Reached skill level 1 in Translocations
 10914 | D:11     | Killed a three-headed hydra
 10914 | D:11     | Reached skill level 1 in Charms
 11069 | D:12     | Noticed a hill giant
 11076 | D:12     | Killed a hill giant
 11125 | D:12     | Noticed an orc sorcerer
 11128 | D:12     | Noticed an orc knight
 11129 | D:12     | Killed an orc sorcerer
 11133 | D:12     | Killed an orc knight
 11136 | D:12     | Noticed Frances
 11175 | D:12     | Killed Frances
 11175 | D:12     | Reached skill level 5 in Fighting
 11175 | D:12     | Reached skill level 14 in Stealth
 11175 | D:12     | Reached XP level 12. HP: 10/60 MP: 15/24
 11340 | D:12     | Found a staircase to the Orcish Mines.
 12025 | D:5      | Bought a scroll of enchant weapon for 90 gold pieces
 12025 | D:5      | Bought a scroll of enchant armour for 90 gold pieces
 12025 | D:5      | Bought a scroll of identify for 24 gold pieces
 12025 | D:5      | Bought a scroll of identify for 24 gold pieces
 12178 | Orc:1    | Entered Level 1 of the Orcish Mines
 12240 | Orc:2    | Entered Level 2 of the Orcish Mines
 12242 | Orc:2    | Noticed XVar's ghost (journeyman MiBe)
 12329 | Orc:2    | Reached skill level 10 in Dodging
 12337 | Orc:2    | Found Hise's Jewellery Shoppe.
 12337 | Orc:2    | Noticed an orc high priest
 12340 | Orc:2    | Noticed an orc warlord
 12345 | Orc:2    | Noticed Rupert
 12374 | Orc:2    | Noticed Nessos
 12377 | Orc:2    | Found Yshri Leu's General Store.
 12420 | Orc:2    | Found a frozen archway.
 12422 | Orc:2    | Noticed an ice dragon
 12478 | Orc:2    | Killed an ice dragon
 12485 | IceCv    | Entered an ice cave
 12775 | Orc:2    | Reached skill level 5 in Translocations
 12788 | Orc:2    | Noticed an orc high priest
 12792 | Orc:2    | Killed an orc high priest
 12801 | Orc:2    | Killed an orc high priest
 12807 | Orc:2    | Found Koirghiph's Antique Armour Shoppe.
 12834 | Orc:2    | Killed an orc warlord
 12834 | Orc:2    | Reached skill level 15 in Stealth
 12834 | Orc:2    | Reached skill level 5 in Charms
 12997 | Orc:2    | Found Wooseuth's Antique Weapon Shoppe.
 13045 | Orc:2    | Found a staircase to the Elven Halls.
 13267 | Orc:2    | Noticed Snorg
 13293 | Orc:2    | Killed Snorg
 13531 | Orc:2    | Noticed an orc high priest
 13544 | Orc:2    | Reached XP level 13. HP: 60/66 MP: 20/25
 13555 | Orc:2    | Found Podonat's Antique Armour Shop.
 13563 | Orc:2    | Bought a wizard robe for 148 gold pieces
 13583 | Orc:2    | Identified the cursed +0 robe of the Evening {rElec rF- rC+ MR++} (You bought it in a shop on level 2 of the Orcish Mines)
 13690 | Orc:2    | Reached skill level 16 in Stealth
 13781 | Orc:2    | Killed Nessos
 13793 | Orc:2    | Killed Rupert
 14202 | Orc:1    | Found a roughly hewn altar of Beogh.
 14229 | Orc:1    | Killed from afar by an orc sorcerer

Skill      XL: |  1  2  3  4  5  6  7  8  9 10 11 12 13 |
---------------+----------------------------------------+-----
Spellcasting   | 3 4 5 6 7 |  7.9
Stealth        | 5 6 7 8 9 10 11 12 14 15 16 | 16.4
Hexes          | 5 7 8 10 11 12 | 12.0
Ice Magic      | 2 3 4 5 6 |  6.3
Fighting       | 1 2 3 5 6 7 |  7.3
Short Blades   | 2 3 4 5 7 8 |  8.0
Dodging        | 4 6 7 9 10 11 | 11.1
Translocations | 3 5 |  5.5
Charms         | 3 5 |  5.1

Action                   |  1- 3 |  4- 6 |  7- 9 | 10-12 | 13-15 || total
-------------------------+-------+-------+-------+-------+-------++-------
Melee: Short sword       |    67 |   214 |   299 |   423 |    57 ||  1060
       Dagger            |     2 |       |       |       |       ||     2
 Cast: Ensorcelled Hiber |     5 |    12 |    66 |   179 |    21 ||   283
       Confuse           |       |     3 |    31 |    60 |     6 ||   100
       Dazzling Spray    |       |       |     9 |    10 |       ||    19
       Tukima's Dance    |       |       |     1 |    30 |     4 ||    35
       Corona            |       |       |       |     3 |       ||     3
       Repel Missiles    |       |       |       |     1 |       ||     1
Evoke: Wand              |       |       |       |     3 |       ||     3
  Use: Scroll            |       |     4 |     6 |    16 |       ||    26
       Potion            |       |       |     4 |     6 |       ||    10
 Stab: Sleeping          |    24 |    27 |    49 |   133 |    13 ||   246
       Confused          |       |     6 |    19 |    27 |     6 ||    58
       Invisible         |       |       |     1 |       |       ||     1
       Distracted        |       |       |       |     8 |     1 ||     9
  Eat: Royal jelly       |       |     1 |       |     2 |       ||     3
       Pizza             |       |       |     2 |     1 |     1 ||     4
Armor: Robe              |     3 |    25 |    19 |     9 |     1 ||    57
Dodge: Dodged            |    30 |   185 |   233 |   364 |    48 ||   860
       Deflected         |       |       |       |     5 |     2 ||     7
